 Dungeon Crawl Stone Soup version 0.31.0-11-ge490571c62 (webtiles) character file.

Game seed: 8697111622324679792

1000 jt the Basher (level 8, 0/48 HPs)
             Began as a Gargoyle Enchanter on Feb 3, 2024.
             Slain by an ufetubus (1 damage)
             ... on level 6 of the Dungeon.
             The game lasted 00:11:14 (4113 turns).

jt the Basher (Gargoyle Enchanter)                  Turns: 4113, Time: 00:11:14

Health: 0/48       AC: 12    Str: 15    XL:     8   Next: 19%
Magic:  11/11      EV:  9    Int: 15    God:
Gold:   218        SH:  0    Dex: 10    Spells: 11/11 levels left

rFire   . . .        c - +0 flail
rCold   . . .        (no shield)
rNeg    + . .        d - +0 scale mail
rPois   ∞            (no helmet)
rElec   +            (no cloak)
rCorr   .            h - +0 pair of gloves
SInv    .            (no boots)
Will    .....        (no amulet)
Stlth   +            (no ring)
HPRegen 0.28/turn    (no ring)
MPRegen 0.12/turn

%: no passive effects
@: no status effects
A: sickness immunity, AC +5, negative energy resistance 1, electricity
resistance, torment resistance 1, petrification resistance
a: no special abilities


You were on level 6 of the Dungeon.
You visited 1 branch of the dungeon, and saw 6 of its levels.

You collected 218 gold pieces.

Inventory:

Hand Weapons
 a - a +1 dagger
 c - a +0 flail (weapon)
 g - a +0 sling
 i - a +3 short sword of freezing
 k - a +0 mace
 n - a +0 spear
 r - a +2 war axe of freezing
Missiles
 e - 25 stones (quivered)
 l - 5 javelins
 o - 4 poisoned darts
Armour
 b - a +0 robe
 d - a +0 scale mail (worn)
 h - a +0 pair of gloves (worn)
 m - a +0 chain mail
 t - +0 fire dragon scales
Jewellery
 f - a ring of fire
Scrolls
 j - 2 scrolls of revelation
 p - a scroll of vulnerability
 q - a scroll of teleportation


   Skills:
 + Level 4.1 Fighting
 - Level 0.8 Short Blades
 + Level 8.1 Maces & Flails
 + Level 1.0 Armour
 - Level 1.5 Dodging
 - Level 3.2 Stealth
 - Level 2.0 Spellcasting
 - Level 2.6 Hexes


You had 11 spell levels left.
You didn't know any spells.
Your spell library contained the following spells:

 Spells                   Type           Power      Damage    Failure   Level
 Ensorcelled Hibernation  Hex/Ice        10%        N/A       61%         2
 Apportation              Tloc           2%         N/A       65%         1
 Necrotise                Necr           4%         1d4       65%         1
 Sting                    Conj/Alch      4%         1d3       65%         1
 Summon Small Mammal      Summ           4%         N/A       65%         1
 Confusing Touch          Hex            9%         N/A       65%         3
 Tukima's Dance           Hex            9%         N/A       65%         3
 Dazzling Flash           Conj/Hex       10%        N/A       83%         3
 Summon Ice Beast         Ice/Summ       1%         N/A       95%         3
 Summon Mana Viper        Hex/Summ       5%         N/A       100%        5
 Monstrous Menagerie      Summ           0%         N/A       100%        7


Dungeon Overview and Level Annotations

Branches:
Dungeon (6/15)
 Temple: D:4-7

Altars:
Dithmenos
Gozag
Okawaru
Xom

Shops:
D:4 *   D:5 *

Annotations:
D:4 3 runed translucent doors, Yehuk's ghost, amateur GrMo
D:6 Menkaure


Innate Abilities, Weirdness & Mutations

You are immune to sickness and miasma.
Your stone body is resilient. (AC +5)
You are immune to poison.
You resist negative energy. (rN+)
You are resistant to electric shocks. (rElec)
You are resistant to unholy torment.
You are immune to petrification.


Message History

The ufetubus hits you but does no damage.
You hit the ufetubus but do no damage.
The ufetubus is lightly wounded.
The ufetubus closely misses you. The ufetubus misses you.
You closely miss the ufetubus.
The ufetubus is lightly wounded.
The ufetubus barely misses you.
The ufetubus hits you but does no damage.
The ufetubus hits you. The ufetubus barely misses you.
You hit the ufetubus.
The ufetubus is moderately wounded.
The ufetubus hits you but does no damage. x2
You closely miss the ufetubus.
The ufetubus is moderately wounded.
The ufetubus closely misses you.
The ufetubus hits you but does no damage. x2
The ufetubus barely misses you.
You hit the ufetubus.
The ufetubus is heavily wounded.
The ufetubus slips past you! The ufetubus hits you.
The ufetubus barely misses you.
You barely miss the ufetubus.
The ufetubus is heavily wounded.
The ufetubus hits you. The ufetubus barely misses you.
The wight hits you with a +3 great sword.
The ufetubus hits you. The ufetubus closely misses you.
You are too injured to fight recklessly!
You are too injured to fight recklessly!
You hit the wight. You punch the wight, but do no damage.
The wight is lightly damaged.
The ufetubus hits you but does no damage. x2
The wight hits you with a +3 great sword!
* * * LOW HITPOINT WARNING * * *
Unknown command.
The ufetubus hits you but does no damage. x2
The wight attacks as it pursues you!
The wight hits you with a +3 great sword.
* * * LOW HITPOINT WARNING * * *
The ufetubus hits you.
You die...

######## ########
#......# #......#
#5# #.####.#
#.####z###.####.#
#.....5@[....##<#
#.####.###.#.##.#
...###.#.##.#
###..........#
#.####..#### ..#
#..# ..# ....#
..##..... #...##


You could see a wight and 2 ufetubi.

Vanquished Creatures
  A water moccasin (D:5)
  A phantom (D:5)
  2 bullfrogs
  2 scorpions (D:5)
  2 wights (D:6)
  A bombardier beetle (D:4)
  A hound (D:4)
  A jelly (D:6)
  2 orc priests (D:5)
  A sleepcap (D:4)
  2 iguanas
  An orc wizard (D:3)
  6 gnolls (D:4)
  6 adders
  A shadow imp (D:4)
  A ribbon worm (D:2)
  4 dart slugs
  8 orcs
  4 ball pythons
  2 bats
  8 endoplasms
  4 giant cockroaches
  6 goblins
  7 hobgoblins
  4 jackals (D:5)
  7 kobolds
  5 quokkas
  3 frilled lizards
  5 rats
98 creatures vanquished.

Vanquished Creatures (others)
  An orc (D:3)
1 creature vanquished.

Grand Total: 99 creatures vanquished

Notes
Turn   | Place    | Note
-------+----------+-------------------------------------------
     0 | D:1      | jt the Gargoyle Enchanter began the quest for the Orb.
     0 | D:1      | Reached XP level 1. HP: 10/10 MP: 3/3
    81 | D:1      | Reached skill level 1 in Fighting
   203 | D:1      | Reached XP level 2. HP: 15/17 MP: 5/5
   418 | D:1      | You fall into a shaft and drop 1 floor!
   555 | D:1      | Reached XP level 3. HP: 22/22 MP: 6/6
   836 | D:2      | Found an iron altar of Okawaru.
   914 | D:2      | Reached XP level 4. HP: 29/29 MP: 7/7
  1246 | D:3      | Reached skill level 1 in Armour
  1293 | D:3      | Found a shimmering altar of Xom.
  1434 | D:3      | Reached skill level 1 in Maces & Flails
  1532 | D:3      | Reached XP level 5. HP: 33/33 MP: 8/8
  1745 | D:4      | Reached skill level 2 in Maces & Flails
  1801 | D:4      | Reached skill level 3 in Maces & Flails
  1817 | D:4      | Found Gozag's Platinum Reserve.
  1926 | D:4      | Found an opulent altar of Gozag.
  2170 | D:4      | Found a runed translucent gate.
  2171 | D:4      | Found a runed translucent gate.
  2171 | D:4      | Noticed Yehuk's ghost (amateur GrMo)
  2172 | D:4      | Found a runed translucent gate.
  2192 | D:4      | Reached XP level 6. HP: 35/38 MP: 9/9
  2286 | D:4      | Reached skill level 4 in Maces & Flails
  2684 | D:5      | Entered Level 5 of the Dungeon
  2695 | D:5      | Reached skill level 5 in Maces & Flails
  2741 | D:5      | Reached XP level 7. HP: 36/43 MP: 10/10
  2856 | D:5      | Reached skill level 6 in Maces & Flails
  2952 | D:5      | Reached skill level 7 in Maces & Flails
  3090 | D:5      | Found Faedd's General Store.
  3364 | D:5      | Found a shadowy altar of Dithmenos.
  3789 | D:6      | Noticed Menkaure
  3904 | D:6      | Reached XP level 8. HP: 41/48 MP: 11/11
  3971 | D:6      | Reached skill level 8 in Maces & Flails
  4113 | D:6      | HP: 1/48 [wight/+3 great sword (6)]
  4113 | D:6      | Slain by an ufetubus

Illustrated notes

Levels and vault maps discovered:
D:1:      lightli_arrival_statuegarden, layout_basic
D:2:      layout_basic, basic_altar
D:3:      layout_rooms, xom_butterflies, minmay_misc_feat_five,
          nicolae_concentric_dashed_squares_wild
D:4:      layout_gridville, nicolae_gozag_zags_fifth_avenue,
          biasface_ghost_orc_armoury
D:5:      layout_basic, grunt_dithmenos_smoke_and_mirrors, serial_shops,
          nicolae_shop_real_fake_doors, nicolae_elevator_lobby_asterisk
D:6:      layout_loops_cross, kennysheep_cross_room, feat_on_display,
          uniq_menkaure, uniq_edmund

Skill      XL: |  1  2  3  4  5  6  7  8 |
---------------+-------------------------+-----
Fighting       | 1 2 3 4 |  4.1
Armour         | 1 |  1.0
Maces & Flails | 1 3 5 7 8 |  8.1
Short Blades   | |  0.8
Dodging        | |  1.5
Stealth        | |  3.2
Spellcasting   | |  2.0
Hexes          | |  2.6

Action                     |  1- 3 |  4- 6 |  7- 9 || total
---------------------------+-------+-------+-------++-------
  Melee: Dagger            |    66 |       |       ||    66
         Short sword       |    40 |    70 |       ||   110
         Flail             |       |   158 |   152 ||   310
         Punch             |       |     3 |     3 ||     6
  Throw: Stone             |       |     3 |     2 ||     5
         Dart              |       |     4 |       ||     4
         Javelin           |       |     4 |       ||     4
    Use: Potion            |     1 |     3 |     3 ||     7
         Scroll            |       |     5 |     1 ||     6
   Stab: Invisible         |     2 |       |       ||     2
 Armour: Scale mail        |    74 |   174 |   175 ||   423
         Skin              |       |     7 |       ||     7
  Dodge: Dodged            |    37 |    85 |   106 ||   228
